 Dungeon Crawl Stone Soup version 0.17-a0-1831-gaadb308 (webtiles) character file.

263 ololoev the Conjurer (level 5, -2/38 HPs)
             Began as a Draconian Conjurer on Sept 14, 2015.
             Slain by a phantom (8 damage)
             ... on level 4 of the Dungeon.
             The game lasted 00:05:14 (2666 turns).

ololoev the Conjurer (Draconian Conjurer)           Turns: 2666, Time: 00:05:14

Health: -2/38      AC:  5    Str: 10    XL:     5   Next: 98%
Magic:  0/10       EV: 12    Int: 21    God:
Gold:   67         SH:  0    Dex: 12    Spells: 2 memorised, 7 levels left

rFire  . . .     SeeInvis .     q - +2 short sword (venom)
rCold  . . .     Clarity  .     (armour unavailable)
rNeg   . . .     SustAt   .     (no shield)
rPois  .         Gourm    .     (helmet restricted)
rElec  .         Spirit   .     (no cloak)
rCorr  .         Warding  .     (no gloves)
rMut   .         Stasis   .     (no boots)
MR     .....                    (no amulet)
Stlth  ++........               (no ring)
                                (no ring)

@: brilliant, flying, very slightly contaminated, hasted, very quick, not
resistant to hostile enchantments, unstealthy
A: unfitting armour, cold-blooded, AC +5
a: no special abilities


Innate Abilities, Weirdness & Mutations

Your plain brown scales are hard (AC +5).
Your body does not fit into most forms of armour.
You are cold-blooded and may be slowed by cold attacks.

Inventory:

Hand weapons
 q - a +2 short sword of venom (weapon)
Scrolls
 d - 2 scrolls of fog {unknown}
 e - a scroll of amnesia {unknown}
 g - a scroll of random uselessness {unknown}
 h - a scroll of magic mapping {unknown}
 i - a scroll of teleportation {unknown}
 l - 2 scrolls of identify {unknown}
 p - a scroll of remove curse {unknown}
Books
 a - a book of Conjurations

   Spells                             Type                      Level
   a - Magic Dart                     Conjuration                  1
   b - Searing Ray                    Conjuration                  2
   c - Dazzling Spray                 Conjuration/Hexes            3
   d - Fulminant Prism                Conjuration/Hexes            4
   e - Iskenderun's Mystic Blast      Conjuration                  4
   f - Iskenderun's Battlesphere      Conjuration/Charms           5
Comestibles
 b - 3 bread rations
 c - 2 chunks of flesh
 k - a meat ration
 m - 2 fruits


   Skills:
 - Level 1.7 Dodging
 - Level 1.7 Stealth
 + Level 3.4 Spellcasting
 * Level 6.5 Conjurations


You had 7 spell levels left.
You knew the following spells:

 Your Spells              Type           Power        Failure   Level  Hunger
a - Magic Dart            Conj           ####         1%          1    None
b - Searing Ray           Conj           #####.       1%          2    ##.....


You were on level 4 of the Dungeon.
You were hungry.

You visited 1 branch of the dungeon, and saw 3 of its levels.

You collected 67 gold pieces.

#+#... .....# ....+ . ...###
'# #....# #.##
#....#.......+
#....#.......# ...
+.@..'.......# ...
#.W..#.......' #....#
####...#.......# +....+
+..'...'.......# +# +#
#....#+##.#.†.#..[....##...
..#
#.....#+#...#............
W.#
+.W...+.+...'............
..+
##+#.....#'#...#............
..#
#..............#............

Notes
Turn   | Place    | Note
--------------------------------------------------------------
     0 | D:1      | ololoev the Draconian Conjurer began the quest for the Orb.
     0 | D:1      | Reached XP level 1. HP: 14/14 MP: 3/3
     0 | D:1      | Noticed a draconian skeleton
     0 | D:1      | Noticed a troll zombie
     3 | D:1      | Noticed a troll
     3 | D:1      | Noticed a merfolk skeleton
     7 | D:1      | Noticed a vine stalker
     8 | D:1      | Noticed a centaur
    10 | D:1      | Noticed a merfolk zombie
    12 | D:1      | Noticed a merfolk zombie
    12 | D:1      | Noticed a troll zombie
    13 | D:1      | Noticed an ogre
    14 | D:1      | Noticed a felid
    16 | D:1      | Noticed a dwarf
    16 | D:1      | Noticed an elf skeleton
    18 | D:1      | Noticed a troll zombie
    20 | D:1      | Noticed an elf zombie
   138 | D:1      | Reached XP level 2. HP: 8/20 MP: 0/5
   144 | D:1      | Learned a level 2 spell: Searing Ray
   507 | D:1      | Reached XP level 3. HP: 20/26 MP: 6/6
   854 | D:2      | Reached skill level 5 in Conjurations
  1788 | D:2      | Reached XP level 4. HP: 33/33 MP: 3/7
  1975 | D:2      | Noticed an ogre
  1987 | D:2      | Killed an ogre
  1987 | D:2      | Reached XP level 5. HP: 33/38 MP: 2/9
  2046 | D:2      | Found a glowing golden altar of the Shining One.
  2120 | D:2      | You fall through a shaft for 2 floors!
  2262 | D:4      | Reached skill level 6 in Conjurations
  2301 | D:4      | Noticed a phantom
  2426 | D:4      | Killed a phantom
  2566 | D:4      | Noticed a phantom
  2666 | D:4      | Slain by a phantom

Dungeon Overview and Level Annotations

Branches:
Dungeon (4/15)
 Temple: D:4-7

Altars:
The Shining One


Message History

Okay, then.
A quokka comes into view.
There is an open door here.
There is an open door here.
You see here an orc skeleton.
As you close the door, it creaks loudly!
A phantom opens the door.
There is an open door here.
The phantom blinks!
Drink which item? (? for menu, Esc to quit)
It was a potion of haste.
You feel yourself speed up.
You are very lightly contaminated with residual magic.
Drink which item? (? for menu, Esc to quit)
It was a potion of flight.
You feel very buoyant.
You fly up into the air.
Drink which item? (? for menu, Esc to quit)
It was a potion of brilliance.
You feel clever all of a sudden.
There is an open door here.
Casting: Magic Dart
Confirm with . or Enter, or press ? or * to list all spells.
Aiming: Searing Ray
Press: ? - help, Shift-Dir - straight line, f/p - phantom
Aim: a phantom (almost destroyed)
The searing ray hits the quokka.
The quokka is severely wounded.
The searing ray hits the quokka.
You kill the quokka!
Casting: Searing Ray
Confirm with . or Enter, or press ? or * to list all spells.
Aiming: Magic Dart
Press: ? - help, Shift-Dir - straight line, f/p - phantom
Aim: a phantom (almost destroyed)
The magic dart hits the phantom.
The phantom is almost destroyed.
You closely miss the phantom.
The phantom is almost destroyed.
The phantom hits you!
You die...

You could see a phantom.

Vanquished Creatures
  A phantom (D:4)
  An ogre (D:2)
  4 adders
  2 oozes (D:1)
  An adder skeleton (D:4)
  2 worms
  3 giant geckos
  2 orcs (D:4)
  4 bats
  7 hobgoblins
  4 jackals (D:1)
  5 kobolds (D:1)
  2 ball pythons
  4 goblins
  4 quokkas
  2 rats
48 creatures vanquished.

Action                   |  1- 3 |  4- 6 || total
-------------------------+-------+-------++-------
Melee: Spear             |   110 |    27 ||   137
       Short sword       |       |    37 ||    37
 Cast: Magic Dart        |     9 |    14 ||    23
       Searing Ray       |     4 |    12 ||    16
  Use: Potion            |       |     3 ||     3
 Stab: Sleeping          |     3 |     1 ||     4
  Eat: Chunk             |     2 |     4 ||     6

Vault maps used:
D:1:      shiori_arrival_whats_in_store_for_you, serial_park_tiny_pond
D:2:      tso_oasis_becter, fountainhead
D:4:      nicolae_overflow_crystal_walls, kennysheep_little_box,
          nicolae_qazlal_general_emergency
